Map: Abyssal Reef LE

Players

daydrA

  • Race: Zerg Zerg
  • Spawn Location: 5:00

Harstem - Winner!

  • Race: Protoss Protoss
  • Spawn Location: 11:00

Event: WCS Austin 2017

VOD

Have the link to the VOD?

Description

Time

  • Played on: April 28, 2017, 1:53 p.m.
  • Length: 10:19

All games in this series

Show
View Real Time Build Order
Export as new Build Order

daydrA Zerg 

Build Orders: Pool First 

Get SALT Encoding   

  12  0:00  Drone  
  13  0:13  Overlord  
  13  0:32  Drone  
  13  0:33  Drone  
  13  0:35  Drone  
  16  0:44  Drone  
  16  0:48  Extractor  
  16  0:50  Spawning Pool  
  16  0:55  Drone  
  16  1:06  Drone  
  17  1:21  Hatchery  
  17  1:23  Drone  
  17  1:36  Queen  
  17  1:38  Zergling x2  
  20  1:43  Zergling x2  
  21  1:49  Metabolic Boost  
  21  1:57  Overlord  
  21  2:06  Zergling x2  
  21  2:07  Evolution Chamber  
  21  2:11  Zergling x2  
  22  2:28  Zergling x2  
  23  2:32  Pneumatized Carapace  
  23  2:33  Overlord  
  23  2:37  Drone  
  24  2:42  Zergling x2  
  25  2:44  Zergling x2  
  25  2:45  Zergling x2  
  25  2:48  Zergling x2  
  28  2:53  Zergling x2  
  28  3:07  Zergling x2  
  28  3:08  Zergling x6  
  32  3:18  Overlord  
  32  3:23  Drone x2  
  34  3:28  Drone  
  33  3:52  Zergling x10  
  36  3:58  Drone x2, Queen  
  36  4:02  Drone  
  38  4:10  Drone x3  
  38  4:16  Drone  
  42  4:19  Spore Crawler  
  42  4:22  Spore Crawler  
  39  4:24  Drone  
  39  4:31  Drone x2  
  39  4:37  Drone x2  
  40  4:40  Drone  
  40  4:41  Drone  
  42  4:50  Roach Warren  
  41  4:54  Drone x2  
  43  5:01  Overlord  
  43  5:02  Drone  
  44  5:13  Extractor  
  43  5:14  Extractor  
  43  5:15  Hatchery  
  43  5:17  Drone  
  42  5:21  Queen  
  42  5:29  Drone x3  
  42  5:34  Roach x2  
  49  5:37  Roach  
  49  5:39  Overlord  
  51  5:43  Overlord  
  51  5:48  Overlord  
  51  5:53  Drone  
  51  5:56  Overlord  
  49  5:57  Overlord  
  49  6:01  Roach  
  51  6:05  Roach  
  51  6:07  Roach  
  51  6:09  Drone  
  56  6:12  Roach  
  56  6:16  Roach, Zergling x2  
  61  6:22  Roach x2  
  63  6:25  Roach  
  63  6:28  Zergling x2  
  63  6:31  Zergling x2  
  64  6:36  Roach  
  61  6:45  Zergling x8  
  58  6:48  Zergling x2  
  58  6:51  Roach, Zergling x2  
  54  6:55  Roach  
  54  6:58  Roach  
  54  6:59  Roach  
  59  7:01  Zergling x2  
  59  7:04  Roach  
  59  7:06  Roach  
  62  7:10  Zergling x2, Roach  
  62  7:12  Zergling x2  
  59  7:20  Zergling x2, Roach  
  58  7:24  Zergling x2  
  58  7:30  Drone  
  58  7:31  Drone  
  58  7:32  Drone  
  58  7:36  Drone  
  62  7:40  Lair  
  62  7:42  Drone x2  
  61  7:54  Drone x2  
  61  7:55  Drone x3  
  61  7:58  Drone  
  58  8:00  Drone  
  58  8:05  Drone  
  58  8:08  Spore Crawler  
  58  8:12  Drone x2  
  58  8:14  Drone  
  55  8:20  Spore Crawler, Extractor  
  55  8:22  Drone x2  
  55  8:24  Drone x2  
  55  8:26  Drone  
  59  8:31  Drone x2  
  61  8:36  Drone  
  62  8:44  Roach x2  
  62  8:48  Ravager x6  
  70  8:49  Ravager x2  
  70  8:50  Zergling x4  
  70  8:51  Zergling x2  
  77  8:57  Zergling x6  
  71  9:05  Zergling x2  
  71  9:06  Zergling x4  
  65  9:12  Roach x3  
  65  9:13  Zergling x2  
  71  9:17  Roach x2  
  71  9:23  Ravager  
  74  9:26  Ravager  
  74  9:27  Zergling x6  
  74  9:28  Zergling x4  
  80  9:40  Zergling x4, Roach x4  
  80  9:42  Overlord  
  90  9:48  Overlord x2  
Show
View Real Time Build Order
Export as new Build Order

Harstem Protoss - Winner!

Build Orders: 1 Gate Expand, Oracle Opening 

Get SALT Encoding   

  12  0:01  Probe (Chrono Boost)  
  13  0:12  Probe (Chrono Boost)  
  14  0:18  Pylon  
  14  0:22  Probe (Chrono Boost)  
  15  0:36  Probe (Chrono Boost)  
  15  0:41  Gateway  
  16  0:46  Assimilator  
  16  0:48  Probe (Chrono Boost)  
  17  0:59  Probe (Chrono Boost)  
  18  1:09  Probe (Chrono Boost)  
  19  1:20  Probe (Chrono Boost)  
  20  1:31  Nexus  
  21  1:39  Cybernetics Core  
  20  1:42  Probe (Chrono Boost)  
  21  1:49  Assimilator  
  21  1:52  Probe (Chrono Boost)  
  22  1:58  Pylon  
  22  2:03  Probe (Chrono Boost)  
  23  2:13  Adept  
  23  2:14  Warp Gate  
  23  2:18  Probe (Chrono Boost)  
  26  2:29  Probe (Chrono Boost)  
  27  2:32  Stargate  
  27  2:38  Adept  
  27  2:41  Probe (Chrono Boost)  
  31  2:44  Probe (Chrono Boost)  
  31  2:53  Probe (Chrono Boost)  
  31  2:55  Probe (Chrono Boost)  
  33  2:59  Gateway  
  33  3:05  Gateway  
  33  3:06  Probe (Chrono Boost)  
  33  3:07  Probe (Chrono Boost)  
  33  3:10  Oracle  
  34  3:18  Probe (Chrono Boost)  
  38  3:20  Probe (Chrono Boost)  
  38  3:23  Adept  
  41  3:30  Pylon  
  41  3:31  Probe (Chrono Boost)  
  42  3:38  Pylon  
  43  3:44  Mothership Core (Chrono Boost)  
  41  3:57  Probe (Chrono Boost)  
  34  4:18  Adept x3  
  34  4:20  Probe (Chrono Boost)  
  34  4:21  Probe (Chrono Boost)  
  41  4:31  Probe (Chrono Boost)  
  42  4:33  Probe (Chrono Boost)  
  43  4:41  Phoenix  
  43  4:43  Probe (Chrono Boost)  
  47  4:45  Probe (Chrono Boost)  
  47  4:50  Pylon  
  47  4:53  Probe (Chrono Boost)  
  47  4:54  Adept  
  50  5:03  Probe (Chrono Boost)  
  50  5:05  Probe (Chrono Boost)  
  52  5:09  Pylon  
  53  5:14  Probe (Chrono Boost)  
  53  5:16  Probe (Chrono Boost)  
  53  5:20  Pylon, Adept x2  
  58  5:25  Probe (Chrono Boost)  
  60  5:28  Probe (Chrono Boost)  
  60  5:35  Probe (Chrono Boost)  
  61  5:37  Adept  
  61  5:39  Probe (Chrono Boost)  
  61  5:42  Adept x2  
  68  5:46  Probe (Chrono Boost)  
  69  5:51  Probe (Chrono Boost)  
  69  5:56  Probe (Chrono Boost)  
  71  6:00  Pylon  
  71  6:07  Adept  
  71  6:09  Pylon  
  73  6:11  Nexus  
  73  6:12  Probe (Chrono Boost)  
  74  6:22  Probe (Chrono Boost)  
  74  6:25  Probe (Chrono Boost)  
  77  6:32  Probe (Chrono Boost)  
  77  6:39  Probe (Chrono Boost), Adept x3  
  82  6:42  Robotics Facility  
  82  6:43  Probe (Chrono Boost), Pylon  
  82  6:46  Assimilator  
  79  6:47  Assimilator  
  79  6:51  Probe (Chrono Boost)  
  76  6:55  Probe (Chrono Boost)  
  77  7:02  Probe (Chrono Boost), Pylon  
  77  7:05  Probe (Chrono Boost)  
  77  7:06  Forge  
  77  7:07  Sentry  
  77  7:08  Zealot x2  
  85  7:12  Probe (Chrono Boost)  
  86  7:16  Probe (Chrono Boost)  
  87  7:23  Probe (Chrono Boost)  
  87  7:25  Gateway  
  87  7:26  Gateway, Protoss Ground Weapons Level 1  
  87  7:27  Probe (Chrono Boost)  
  87  7:28  Immortal  
  92  7:39  Sentry x3  
  92  7:43  Gateway  
  92  7:44  Probe (Chrono Boost), Gateway  
  91  8:05  Gateway  
  82  8:06  Sentry x3, Gateway  
  82  8:08  Warp Prism  
  82  8:11  Gateway  
  90  8:14  Gateway  
  90  8:21  Probe x2 (Chrono Boost)  
  90  8:23  Probe (Chrono Boost)  
  90  8:26  Pylon  
  93  8:28  Twilight Council  
  93  8:30  Sentry x2, Pylon  
  93  8:32  Zealot  
  93  8:33  Probe (Chrono Boost)  
  100  8:37  Zealot x2  
  100  8:38  Probe (Chrono Boost)  
  100  8:39  Probe (Chrono Boost)  
  106  8:43  Assimilator  
  106  8:46  Assimilator  
  106  8:47  Immortal, Pylon  
  110  8:51  Adept x2  
  110  9:06  Stalker x6  
  122  9:11  Adept x3  
  122  9:15  Probe (Chrono Boost)  
  122  9:16  Probe (Chrono Boost)  
  130  9:29  Adept x4  
  138  9:32  Pylon  
  138  9:36  Adept  
  138  9:37  Adept x2  
  144  9:39  Adept  
  144  9:42  Adept  
  148  9:52  Pylon  
  148  9:54  Pylon  
  148  9:55  Pylon  
  142  10:13  Stalker x7  
  144  10:19  Adept x3  
Tags
 
Add a new tag
Caveats
  • Supply blocks, unpowered buildings, or Contaminate may cause inaccurate times.
  • Supply counts are checked every 10 seconds.